 Dungeon Crawl Stone Soup version 0.31-a0-358-gac0dbeb3ab (webtiles) character file.

Game seed: 3584259298795756153

363 Locuples the Slasher (level 6, -2/56 HPs)
             Began as a Minotaur Monk on July 26, 2023.
             Slain by a wight
             ... wielding a +4 mace
              (8 damage)
             ... on level 4 of the Dungeon.
             The game lasted 00:03:41 (2428 turns).

Locuples the Slasher (Minotaur Monk)                Turns: 2428, Time: 00:03:42

Health: -2/56      AC:  6    Str: 15    XL:     6   Next: 39%
Magic:  5/5        EV: 11    Int:  7    God:
Gold:   161        SH:  0    Dex: 15    Spells: 5/5 levels left

rFire   . . .        a - +0 falchion
rCold   . . .        d - orb {light}
rNeg    . . .        o - +0 scale mail
rPois   .            (helmet restricted)
rElec   .            (no cloak)
rCorr   .            (no gloves)
SInv    .            (no boots)
Will    .....        (no amulet) Stlth
                     (no ring)
HPRegen 0.29/turn    (no ring)
MPRegen 0.09/turn

%: no passive effects
@: glowing
A: horns 2, retaliatory headbutt
a: no special abilities


You were on level 4 of the Dungeon.
You visited 1 branch of the dungeon, and saw 4 of its levels.

You collected 161 gold pieces.

Inventory:

Hand Weapons
 a - a +0 falchion (weapon)
 g - a +0 dagger
Missiles
 p - 2 throwing nets
Armour
 d - an orb of light (worn)
 o - a +0 scale mail (worn)
Jewellery
 j - a ring of magical power
Wands
 m - a wand of polymorph (6)
 n - a wand of acid (11)
Scrolls
 e - a scroll of enchant weapon {unknown}
 f - 2 scrolls of torment {unknown}
 i - a scroll of immolation {unknown}
 k - a scroll of revelation {unknown}
 l - a scroll of teleportation {unknown}
 q - a scroll of butterflies {unknown}
 r - a scroll of vulnerability {unknown}
 s - a scroll of poison {unknown}
Potions
 b - 2 potions of lignification {unknown}
 c - a potion of ambrosia
 h - a potion of enlightenment {unknown}


   Skills:
 + Level 5.2 Fighting
 + Level 6.5 Long Blades
 + Level 2.3 Armour
 + Level 4.4 Dodging


You had 5 spell levels left.
You didn't know any spells.
Your spell library contained the following spells:

 Spells                   Type           Power      Damage    Failure   Level
 Sting                    Tmut/Pois      0%         1d3       87%         1
 Poisonous Vapours        Pois/Air       0%         N/A       95%         2
 Frozen Ramparts          Ice            0%         1d1       99%         3
 Olgreb's Toxic Radiance  Pois           0%         N/A       100%        4
 Petrify                  Tmut/Erth      0%         N/A       100%        4
 Metabolic Englaciation   Hex/Ice        0%         N/A       100%        5


Dungeon Overview and Level Annotations

Branches:
Dungeon (4/15)
 Temple: D:4-7

Altars:

Shops:
D:2 (

Annotations:
D:2 1 runed translucent door, Crazy Yiuf


Innate Abilities, Weirdness & Mutations

You have a pair of horns on your head.
You reflexively headbutt those who attack you in melee.


Message History

You see here a +0 dagger.
You hit the adder. Your headbutt misses the adder.
The adder is heavily wounded.
The adder closely misses you. You furiously retaliate!
You headbutt the adder. You hit the adder.
The adder is almost dead.
The adder barely misses you. The adder closely misses you.
You slash the adder!
You kill the adder!
You hit the wight.
The wight is lightly damaged.
The wight hits you with a +2 falchion.
A wight comes into view. It is wielding a +4 mace.
You completely miss the wight.
The wight is lightly damaged.
The wight closely misses you. You furiously retaliate!
You headbutt the wight! You completely miss the wight.
The wight is severely damaged.
The wight hits you with a +2 falchion!
* * * LOW HITPOINT WARNING * * *
You hit the wight.
The wight is almost destroyed.
The wight hits you with a +2 falchion!
* * * LOW HITPOINT WARNING * * *
You barely miss the wight.
The wight is almost destroyed.
You hear the slow rusting of a distant drain.
You barely miss the wight.
The wight is almost destroyed.
The wight hits you with a +2 falchion.
* * * LOW HITPOINT WARNING * * *
You feel drained.
* * * LOW HITPOINT WARNING * * *
You hit the wight.
You destroy the wight!
Your life force feels restored.
You hit the wight. You headbutt the wight.
The wight is moderately damaged.
The wight hits you with a +4 mace!
You die...

#...###.# .. +...'...#
##.# #...##### #...
#......# #..# #......#
..# #......#
###.###### #......#
##.........
#......#####..........
#.......@z..)#........
######.#######........
#.# #...z.... ..#
#........ #.##
#........ #. #........
.. #........ ##


You could see a wight.

Vanquished Creatures
  3 wights (D:4)
  Ijyb (D:3)
  Terence (D:2)
  An orc wizard (D:3)
  Robin (D:2)
  3 gnolls (D:3)
  4 adders
  A dart slug (D:1)
  2 orcs (D:3)
  5 endoplasms
  3 giant cockroaches
  13 goblins
  6 hobgoblins
  3 jackals (D:2)
  3 kobolds
  2 quokkas
  5 ball pythons
  2 bats (D:1)
  A frilled lizard (D:3)
  3 rats
63 creatures vanquished.

Notes
Turn   | Place    | Note
-------+----------+-------------------------------------------
     0 | D:1      | Locuples the Minotaur Monk began the quest for the Orb.
     0 | D:1      | Reached XP level 1. HP: 19/19 MP: 0/0
   178 | D:1      | Reached XP level 2. HP: 27/27 MP: 1/1
   325 | D:1      | Reached skill level 4 in Long Blades
   845 | D:2      | Reached XP level 3. HP: 29/32 MP: 2/2
   846 | D:2      | Found Zoen Ymmola's Antique Weapon Shoppe.
   888 | D:2      | Found a runed translucent door.
   889 | D:2      | Noticed Crazy Yiuf
  1005 | D:2      | Noticed Terence
  1021 | D:2      | Killed Terence
  1035 | D:2      | Noticed Robin
  1046 | D:2      | Reached XP level 4. HP: 36/41 MP: 3/3
  1052 | D:2      | Killed Robin
  1444 | D:3      | Noticed Ijyb
  1453 | D:3      | Killed Ijyb
  1454 | D:3      | Reached skill level 5 in Long Blades
  1577 | D:3      | Reached XP level 5. HP: 19/47 MP: 4/4
  1932 | D:3      | Reached skill level 1 in Armour
  2378 | D:4      | Reached skill level 5 in Fighting
  2399 | D:4      | Reached skill level 6 in Long Blades
  2409 | D:4      | Reached XP level 6. HP: 23/56 MP: 5/5
  2428 | D:4      | Slain by a wight

Illustrated notes

Levels and vault maps discovered:
D:1:      denvon_arrival_planthouse, layout_loops_ring
D:2:      layout_rooms, serial_shops, shop, kennysheep_generic_room_4,
          uniq_crazy_yiuf_cottage, uniq_robin, uniq_terence
D:3:      layout_loops_corners, minivault_23, uniq_ijyb
D:4:      layout_basic, minmay_temple_entry_from_below_a, serial_shops, shop,
          gup_sewer_entry_bowl

Skill      XL: |  1  2  3  4  5 |
---------------+----------------+-----
Fighting       | 4 5 |  5.2
Long Blades    | 4 5 6 |  6.5
Dodging        | 4 |  4.4
Armour         | 2 |  2.3

Action                     |  1- 3 |  4- 6 || total
---------------------------+-------+-------++-------
  Melee: Falchion          |    70 |    82 ||   152
         Headbutt          |    11 |    20 ||    31
         Unarmed           |     4 |       ||     4
 Armour: Robe              |    14 |       ||    14
         Scale mail        |       |    13 ||    13
  Dodge: Dodged            |    45 |    45 ||    90

Table legend: (Time is in decaauts)
 A = Elapsed time spent in this place.
 B = Non-inter-level travel time spent in this place.
 C = Inter-level travel time spent in this place.
 D = Time resting spent in this place.
 E = Time spent auto-exploring this place.
 F = Levels seen in this place.
 G = Mean time per level.
                   A        B        C        D        E       F      G
               +--------+--------+--------+--------+--------+-----+--------+
         Total |   2435 |   2370 |     65 |    207 |   1679 |   4 |  608.8 |
       Dungeon |   2435 |   2370 |     65 |    207 |   1679 |   4 |  608.8 |
               +--------+--------+--------+--------+--------+-----+--------+

Top non-repeatable levels by time:
     D:3: 1036 daAuts
     D:1: 770 daAuts
     D:2: 577 daAuts
     D:4: 52 daAuts
